 Dungeon Crawl Stone Soup version 0.26-a0-682-g294304f6e8 (webtiles) character file.

Game seed: 2510951129138707068

120 Kinoniko the Skirmisher (level 5, -1/52 HPs)
             Began as an Ogre Fighter on Oct 20, 2020.
             Slain by Robin
             ... wielding a +2 vorpal falchion
              (2 damage)
             ... on level 3 of the Dungeon.
             The game lasted 00:02:33 (2756 turns).

Kinoniko the Skirmisher (Ogre Fighter)              Turns: 2756, Time: 00:02:34

Health: -1/52      AC:  3    Str: 20    XL:     5   Next: 4%
Magic:  5/5        EV:  8    Int: 13    God:
Gold:   167        SH:  8    Dex:  9    Spells: 4/4 levels left

rFire    . . .     SeeInvis .   a - +0 trident
rCold    . . .     Faith    .   c - +0 kite shield
rNeg     . . .     Spirit   .   b - +0 robe
rPois    .         Reflect  .   (helmet restricted)
rElec    .         Harm     .   (no cloak)
rCorr    .         Rampage  .   (gloves unavailable)
MR       .....                  (boots unavailable)
Stlth    +.........             (no amulet)
HPRegen  0.17/turn              (no ring)
MPRegen  0.09/turn              (no ring)

@: mighty, brilliant
A: large, unfitting armour, clever 2, frail 1, tough skin 1, wild magic 1
a: no special abilities


You were on level 3 of the Dungeon.
You visited 1 branch of the dungeon, and saw 3 of its levels.

You collected 167 gold pieces.

Inventory:

Hand Weapons
 a - a +0 trident (weapon)
Armour
 b - a +0 robe (worn)
 c - a +0 kite shield (worn)
Scrolls
 e - 3 scrolls of teleportation {unknown}
 f - 4 scrolls of remove curse {unknown}
 g - a scroll of immolation {unknown}
 i - 4 scrolls of identify {unknown}
 k - 3 scrolls of magic mapping {unknown}
 n - a scroll of blinking {unknown}
 p - a scroll of enchant armour {unknown}
Potions
 d - a potion of might
 m - a potion of heal wounds {unknown}
 o - a potion of flight {unknown}


   Skills:
 * Level 5.6 Fighting
 * Level 3.3 Polearms
 - Level 2.7 Dodging
 + Level 3.2 Shields


You had 4 spell levels left.
You didn't know any spells.
Your spell library was empty.

Dungeon Overview and Level Annotations

Branches:
Dungeon (3/15)

Altars:
Makhleb
Nemelex Xobeh
Qazlal
Sif Muna
Wu Jian
Zin

Annotations:
D:3 Robin


Innate Abilities, Weirdness & Mutations

You are too large for most types of armour.
You have tough skin. (AC +1)
Your mind is very acute. (Int +4)
You are frail. (-10% HP)
Your spells are a little harder to cast, but a little more powerful.


Message History

The adder barely misses you. You block the adder's attack.
You feel better. The adder bites you but does no damage.
You miss the adder. The adder closely misses you.
You puncture the adder!
You kill the adder!
You have reached level 5!
You closely miss Robin.
Robin hits you with a +2 vorpal falchion.
* * * LOW HITPOINT WARNING * * *
x2 You barely miss Robin.
You block Robin's attack.
You closely miss Robin. You block Robin's attack.
You completely miss Robin.
The hobgoblin no longer looks unusually strong.
Robin hits you with a +2 vorpal falchion.
* * * LOW HITPOINT WARNING * * *
x2 Robin barely misses you.
You barely miss Robin.
Robin hits you with a +2 vorpal falchion!
* * * LOW HITPOINT WARNING * * *
You die... ##.#..# #.$.......####....#### +.........+........... .........####....#### ....... ##.#.# ..... ###.#### rg.

##.....# #g#
#...##.# #@#
#..###.# ##†######
#..# #.# #.......#
#..###.# ##...###.#
#......#
#.....##.####.######
##[...........#
........##.######
####.......#
#########


You could see Robin, a hobgoblin and a rat.

Vanquished Creatures
  Jessica (D:2)
  2 adders (D:3)
  An ooze (D:3)
  5 worms
  A dart slug (D:2)
  3 bats
  5 giant cockroaches
  15 goblins
  3 hobgoblins
  A quokka (D:3)
  A ball python (D:3)
  5 frilled lizards
  10 kobolds
  4 rats
57 creatures vanquished.

Notes
Turn   | Place    | Note
-------+----------+-------------------------------------------
     0 | D:1      | Kinoniko the Ogre Fighter began the quest for the Orb.
     0 | D:1      | Reached XP level 1. HP: 24/24 MP: 1/1
   194 | D:1      | Reached XP level 2. HP: 33/33 MP: 2/2
  1063 | D:2      | Noticed Jessica
  1079 | D:2      | Killed Jessica
  1079 | D:2      | Reached skill level 5 in Fighting
  1079 | D:2      | Reached XP level 3. HP: 12/42 MP: 3/3
  1327 | D:2      | Found a stormy altar of Qazlal.
  1364 | D:2      | Reached XP level 4. HP: 24/50 MP: 4/4
  1690 | D:2      | Found a glowing silver altar of Zin.
  1693 | D:2      | Found a burning altar of Makhleb.
  1693 | D:2      | Found an ornate altar of the Wu Jian Council.
  2271 | D:3      | Found a shimmering blue altar of Sif Muna.
  2442 | D:3      | Found a sparkling altar of Nemelex Xobeh.
  2724 | D:3      | Noticed Robin
  2740 | D:3      | Gained mutation: You are frail. (-10% HP) [potion of
                  | mutation]
  2740 | D:3      | Gained mutation: Your mind is acute. (Int +2) [potion of
                  | mutation]
  2740 | D:3      | Gained mutation: Your spells are a little harder to cast,
                  | but a little more powerful. [potion of mutation]
  2740 | D:3      | Gained mutation: Your mind is very acute. (Int +4) [potion
                  | of mutation]
  2751 | D:3      | Reached XP level 5. HP: 18/52 MP: 5/5
  2756 | D:3      | HP: 1/52 [Robin/+2 vorpal falchion (7)]
  2756 | D:3      | Slain by Robin

Illustrated notes

Levels and vault maps discovered:
D:1:      erik_arrival_cave_to_civilisation [erik_arrival_cave_to_hall],
          layout_basic, st_stairs_11, grunt_decor_mini_mirrors
D:2:      layout_loops_corners, grunt_temple_overflow_open, uniq_jessica
D:3:      layout_loops_corners, lemuel_round_altar, overflow_temple_1_default,
          uniq_robin

Skill      XL: |  1  2  3  4 |
---------------+-------------+-----
Fighting       | 5 |  5.6
Shields        | 3 |  3.2
Polearms       | 3 |  3.3
Dodging        | |  2.7

Action                   |  1- 3 |  4- 6 || total
-------------------------+-------+-------++-------
Melee: Trident           |    88 |   112 ||   200
  Use: Potion            |       |     5 ||     5
 Stab: Sleeping          |     1 |       ||     1
Armor: Robe              |    11 |    22 ||    33
Dodge: Dodged            |    11 |    39 ||    50
Block: Kite shield       |    27 |    42 ||    69

Table legend: (Time is in decaauts)
 A = Elapsed time spent in this place.
 B = Non-inter-level travel time spent in this place.
 C = Inter-level travel time spent in this place.
 D = Time resting spent in this place.
 E = Time spent auto-exploring this place.
 F = Levels seen in this place.
 G = Mean time per level.
                   A        B        C        D        E       F      G
               +--------+--------+--------+--------+--------+-----+--------+
         Total |   2809 |   2764 |     45 |    461 |   1930 |   3 |  936.3 |
       Dungeon |   2809 |   2764 |     45 |    461 |   1930 |   3 |  936.3 |
               +--------+--------+--------+--------+--------+-----+--------+

Top non-repeatable levels by time:
     D:2: 1354 daAuts
     D:1: 886 daAuts
     D:3: 567 daAuts
